 Dungeon Crawl Stone Soup version 0.24.0-13-gcf9b319 (webtiles) character file.

Game seed: 1434815639554734019, levelgen mode: deterministic

43 Bronimir the Gusty (level 3, 0/20 HPs)
             Began as a Tengu Air Elementalist on Mar 31, 2020.
             Succumbed to an adder's poison
             ... on level 2 of the Dungeon.
             The game lasted 00:02:54 (1586 turns).

Bronimir the Gusty (Tengu Air Elementalist)         Turns: 1586, Time: 00:02:55

Health: 0/20       AC:  2    Str:  8    XL:     3   Next: 58%
Magic:  0/7        EV: 13    Int: 16    God:
Gold:   144        SH:  0    Dex: 14    Spells: 3/6 levels left

rFire    . . .     SeeInvis .   a - +0 spear
rCold    . . .     Gourm    .   (no shield)
rNeg     . . .     Faith    .   b - +0 robe
rPois    .         Spirit   .   (helmet restricted)
rElec    .         Reflect  .   (no cloak)
rCorr    .         Harm     .   (no gloves)
MR       .....                  (boots unavailable)
Stlth    ++........             (no amulet)
HPRegen  0.06/turn              (no ring)
MPRegen  0.10/turn              (no ring)

@: lethally poisoned (0 -> -8), about to teleport, very slightly contaminated
A: beak, talons 3
a: no special abilities


You were on level 2 of the Dungeon.
You were not hungry.

You visited 1 branch of the dungeon, and saw 2 of its levels.

You collected 144 gold pieces.

Inventory:

Hand Weapons
 a - a +0 spear (weapon)
Missiles
 d - 29 stones (quivered)
 e - 17 arrows
Armour
 b - a +0 robe (worn)
Scrolls
 g - a scroll of identify
Comestibles
 c - 4 rations
 f - a chunk of flesh


   Skills:
 + Level 0.3 Fighting
 + Level 0.4 Polearms
 * Level 0.9 Armour
 + Level 2.5 Dodging
 - Level 2.0 Stealth
 * Level 2.4 Spellcasting
 * Level 1.6 Conjurations
 * Level 4.7 Air Magic


You had 3 spell levels left.
You knew the following spells:

 Your Spells              Type           Power        Failure   Level  Hunger
a - Shock                 Conj/Air       ##..         5%          1    #......
b - Swiftness             Chrm/Air       #.......     12%         2    ###....

Your spell library contained the following spells:

 Spells                   Type           Power        Failure   Level  Hunger
 Static Discharge         Conj/Air       ##......     16%         3    ###....
 Airstrike                Air            ###.......   28%         4    #####..
 Lightning Bolt           Conj/Air       ##........   83%         5    ######.


Dungeon Overview and Level Annotations

Branches:
Dungeon (2/15)

Altars:


Innate Abilities, Weirdness & Mutations

You have a beak for a mouth.
You have claws for feet.


Message History

* * * LOW HITPOINT WARNING * * *
You feel sick.
The hobgoblin hits you but does no damage.
You see here an adder corpse.
Casting: Shock (safe; 5% risk of failure)
Confirm with . or Enter, or press ? or * to list all spells.
You don't have enough magic to cast that spell.
Unknown command.
You barely miss the hobgoblin.
The hobgoblin is severely wounded.
* * * LOW HITPOINT WARNING * * *
You feel sick. The hobgoblin closely misses you.
You hit the hobgoblin.
You kill the hobgoblin!
You aren't carrying any potions.
As you read the scroll of teleportation, it crumbles to dust.
You feel strangely unstable.
* * * LOW HITPOINT WARNING * * *
You feel sick.
You die...

*,,,,,,........####.#
****,,*##.####..>...#
***,***##.########.#
*,,,,,* #....# #.#
*,#,*,*##.##.#####.#
*,#),,*#........##.#
#.##....#.##.##.##.#
#.)...###.##.##.##.#
***#)..@†.##.......#####
######.#####.##.....#
#.......##.###.#
##########.#**,* #.#.,,,
#.#.,** #.#..* #....##
###*#..


There were no monsters in sight!

Vanquished Creatures
  2 adders (D:2)
  A worm (D:1)
  A goblin (D:2)
  5 hobgoblins
  4 jackals (D:1)
  2 bats
  2 frilled lizards (D:2)
  3 kobolds
  4 rats
24 creatures vanquished.

Notes
Turn   | Place    | Note
-------+----------+-------------------------------------------
     0 | D:1      | Bronimir the Tengu Air Elementalist began the quest for the
                  | Orb.
     0 | D:1      | Reached XP level 1. HP: 10/10 MP: 4/4
   283 | D:1      | Reached XP level 2. HP: 6/15 MP: 1/6
   451 | D:1      | Learned a level 2 spell: Swiftness
  1380 | D:2      | Reached XP level 3. HP: 11/19 MP: 0/7
  1585 | D:2      | HP: 1/20 [poisoned by an adder]
  1586 | D:2      | Succumbed to an adder's poison

Levels and vault maps discovered:
D:1:      evilmike_arrival_run_for_it, layout_loops_ring, minmay_statues_item
D:2:      layout_loops_cross, uniq_terence, uniq_sigmund

Action                   || total
-------------------------++-------
Melee: Spear             ||    59
       Kick              ||     8
       Peck              ||     2
 Cast: Shock             ||    32
  Use: Scroll            ||     5
       Potion            ||     2
 Stab: Sleeping          ||     5
  Eat: Ration            ||     1
Armor: Robe              ||    14
Dodge: Dodged            ||    46
